AoeStats
← Cinnamoroll

Black Forest

506324071Analyzed
4v4 RM · 19d ago on Sep 13, 2026· 48m 22s· 8 players
Game mode
Random Map
Map size
Large (8 player)
Population
200
Speed
Normal
Resources
Standard
Victory
Conquest
Starting age
Dark Age
Ending age
Imperial Age
RankedLock teamsTeams togetherTeam positionsShared explorationLock speedFull tech treeHidden civsTurbo modeCheats
Victory
Defeat
🇺🇸 Hindustanis · United States
1799
+9
🇮🇳 Cumans · India
1724
+12
🇺🇸 Teutons · United States
1657
+14
🇺🇸 Britons · United States
1630
+16
🇸🇬 Byzantines · Singapore
1746
-18
🇦🇷 Turks · Argentina
1598
-11
🇨🇦 Khmer · Canada
1585
-11
🇫🇮 Malians · Finland
1582
-11
Vegeta
11:46 Feudal Age
12:05 Loom
15:35 Castle Age
14:08 Double-Bit Axe
15:28 Fishing Lines
18:51 Bow Saw
18:23 Horse Collar
18:39 Gillnets
19:13 Heavy Plow
21:44 Wheelbarrow
26:09 Scale Barding Armor
26:38 Husbandry
27:03 Gold Mining
28:57 Chain Barding Armor
31:41 Imperial Age
30:57 Hand Cart
31:20 Gold Shaft Mining
31:13 Forging
31:15 Stone Mining
32:35 Iron Casting
31:43 Heavy Camel Rider
33:01 Plate Barding Armor
33:17 Stone Shaft Mining
33:42 Crop Rotation
33:48 Conscription
34:32 Two-Man Saw
34:28 Caravan
35:50 Guilds
35:35 Cavalier
35:58 Elite Cataphract
36:50 Logistica
38:52 Fletching
40:34 Hoardings
40:35 Bodkin Arrow
41:05 Ballistics
41:10 Murder Holes
42:16 Chemistry
41:03 Treadmill Crane
42:36 Coinage
42:26 Bracer
42:23 Murder Holes
43:29 Chemistry
43:01 Fortified Wall
46:59 Padded Archer Armor
46:52 Elite Skirmisher
48:47 Leather Archer Armor
BĂNG GIÁ PRO
11:21 Feudal Age
15:03 Castle Age
13:53 Double-Bit Axe
15:52 Fishing Lines
20:06 Horse Collar
22:27 Bow Saw
23:40 Fervor
24:03 Heavy Plow
25:43 Wheelbarrow
24:54 Town Watch
25:08 Loom
29:55 Imperial Age
27:42 Fletching
27:45 Gold Mining
27:47 Stone Mining
28:26 Caravan
29:03 Hand Cart
28:46 Bodkin Arrow
29:30 Gold Shaft Mining
29:31 Redemption
30:14 Padded Archer Armor
29:57 Treadmill Crane
30:38 Ballistics
30:58 Bracer
31:19 Bombard Tower
31:36 Parthian Tactics
30:34 Heavy Cavalry Archer
31:23 Thumb Ring
31:55 Guilds
32:41 Leather Archer Armor
33:56 Two-Man Saw
33:47 Coinage
33:57 Conscription
34:00 Sipahi
34:36 Ring Archer Armor
35:04 Banking
35:03 Bloodlines
34:53 Husbandry
38:54 Sanctity
46:35 Devotion
wza
0:50 Loom
14:29 Feudal Age
15:21 Double-Bit Axe
15:16 Horse Collar
17:43 Fletching
19:23 Padded Archer Armor
21:15 Wheelbarrow
25:43 Castle Age
27:08 Bow Saw
27:01 Heavy Plow
30:24 Imperial Age
28:28 Scale Mail Armor
28:38 Forging
29:08 Gold Mining
29:48 Chain Mail Armor
30:55 Hand Cart
31:33 Ballistics
32:18 Chemistry
31:36 Town Watch
33:01 Conscription
33:12 Conscription
36:34 Bloodlines
36:25 Husbandry
35:46 Cavalier
38:26 Bodkin Arrow
39:02 Plate Mail Armor
39:07 Iron Casting
38:43 Scale Barding Armor
38:01 Heavy Camel Rider
39:26 Elite Gbeto
40:26 Conscription
40:20 Farimba
41:46 Chain Barding Armor
41:43 Leather Archer Armor
42:00 Plate Mail Armor
44:06 Caravan
Cinnamoroll
0:44 Loom
13:21 Feudal Age
18:12 Double-Bit Axe
21:51 Castle Age
19:47 Fishing Lines
21:47 Gold Mining
21:48 Stone Mining
30:09 Horse Collar
36:17 Bow Saw
37:07 Scale Barding Armor
38:08 Wheelbarrow
42:42 Imperial Age
40:19 Padded Archer Armor
40:10 Fletching
42:01 Elite Skirmisher
44:35 Leather Archer Armor
44:44 Bodkin Arrow
46:50 Ring Archer Armor
46:21 Bracer
Fenrir
11:24 Feudal Age
11:07 Loom
15:37 Castle Age
15:32 Double-Bit Axe
15:28 Horse Collar
15:49 Fishing Lines
18:35 Bow Saw
19:00 Heavy Plow
20:04 Wheelbarrow
21:07 Gold Mining
21:47 Stone Mining
22:17 Fishing Lines
24:48 Hand Cart
28:27 Imperial Age
29:09 Bloodlines
28:59 Husbandry
29:05 Scale Barding Armor
29:03 Grand Trunk Road
28:47 Heavy Camel Rider
30:41 Chemistry
31:16 Two-Man Saw
30:38 Chain Barding Armor
30:43 Conscription
31:50 Coinage
32:51 Plate Barding Armor
32:51 Forging
33:08 Masonry
33:03 Siege Engineers
34:48 Devotion
35:34 Iron Casting
37:07 Caravan
38:31 Blast Furnace
38:09 Imperial Camel Rider
39:28 Light Cavalry
42:09 Town Watch
44:14 Hussar
46:15 Banking
46:43 Gold Shaft Mining
noobnoob
9:03 Feudal Age
13:21 Double-Bit Axe
13:41 Fishing Lines
15:04 Horse Collar
17:54 Wheelbarrow
22:08 Castle Age
20:21 Loom
20:42 Scale Barding Armor
20:36 Gold Mining
21:32 Bloodlines
22:49 Forging
22:12 Capped Ram
23:14 Chain Barding Armor
23:00 Gillnets
23:24 Bow Saw
26:18 Iron Casting
27:32 Heavy Plow
32:37 Imperial Age
30:18 Stone Mining
30:51 Hand Cart
31:56 Gold Shaft Mining
33:45 Conscription
32:48 Cavalier
34:04 Plate Barding Armor
33:01 Onager
33:24 Pikeman
34:05 Squires
34:06 Scale Mail Armor
34:02 Halberdier
34:48 Caravan
35:46 Chain Mail Armor
36:46 Blast Furnace
37:20 Plate Mail Armor
37:45 Coinage
39:33 Banking
43:23 Crop Rotation
45:54 Two-Man Saw
46:06 Paladin
MrWrong
0:47 Loom
10:44 Feudal Age
11:07 Man-at-Arms
15:35 Double-Bit Axe
17:22 Wheelbarrow
17:35 Fletching
23:02 Castle Age
21:33 Padded Archer Armor
21:40 Horse Collar
23:57 Bow Saw
29:32 Heavy Plow
29:49 Hand Cart
35:22 Imperial Age
34:11 Scale Mail Armor
35:18 Chain Mail Armor
34:59 Bodkin Arrow
35:49 Gold Mining
35:50 Stone Mining
35:44 Onager
37:35 Ironclad
37:55 Conscription
37:58 Crenellations
39:25 Siege Onager
41:41 Siege Engineers
42:16 Pikeman
43:27 Plate Mail Armor
43:10 Halberdier
44:01 Forging
43:54 Squires
47:26 Ballistics
Lathkore
0:50 Loom
9:49 Feudal Age
9:51 Man-at-Arms
14:42 Double-Bit Axe
15:47 Town Watch
17:08 Fishing Lines
21:47 Castle Age
21:29 Horse Collar
23:54 Bow Saw
24:18 Fletching
24:56 Bodkin Arrow
27:30 Heavy Plow
27:27 Gillnets
28:56 Gold Mining
30:03 Wheelbarrow
33:22 Imperial Age
31:22 Stone Mining
32:07 Gold Shaft Mining
31:49 Hand Cart
32:11 Yeomen
32:00 Padded Archer Armor
32:22 Caravan
34:05 Bracer
33:48 Elite Longbowman
36:25 Chemistry
35:46 Ballistics
36:35 Conscription
37:05 Leather Archer Armor
37:22 Warwolf
39:31 Ring Archer Armor
39:38 Conscription
40:58 Coinage
41:10 Guard Tower
41:37 Treadmill Crane
42:11 Masonry
43:15 Keep
42:30 Arrowslits
44:05 Architecture
45:18 Banking
44:55 Murder Holes
45:06 Siege Engineers
Connection lost

Rejoining the realm…

Still unreachable

The connection could not be restored.

Session expired

The server has moved on; the page needs a fresh start.